PL
ATLANTA SMOKE @ PANAMA CITY PIRANHAS
07/29/2027
 
TOP OF THE 1ST
Atlanta Smoke batting - Pitching for Panama City Piranhas : LHP Kirby Buckner
Pitching: LHP Kirby Buckner
Batting: RHB Bartolo Morales 0-0: Swinging Strike
0-1: Ball
1-1: Ball
2-1: Called Strike
2-2: Foul Ball, location: 2F
2-2: Ball
3-2: Foul Ball, location: 2F
3-2: Base on Balls
Batting: RHB Layton Templeman 0-0: Ball
Bartolo Morales steals 2nd base
1-0: Foul Ball, location: 2F
1-1: Foul Ball, location: 2F
1-2: Ball
2-2: Ball
3-2: Ground out 6-3 (Groundball, 6)
Bartolo Morales to third
Batting: LHB Albert Morán 0-0: Ball
1-0: SINGLE (Line Drive, 9S)
Bartolo Morales scores
Batting: RHB Gabriel Maldonado 0-0: Ball
1-0: Ball
2-0: Called Strike
2-1: Called Strike
2-2: Foul Ball, location: 2F
2-2: Strikes out swinging
Batting: RHB Travis Newsome 0-0: Ball
1-0: Called Strike
1-1: Foul Ball, location: 2F
1-2: Fly out, F3 (Popup, 3L)
Top of the 1st over - 1 run(s), 1 hit(s), 0 error(s), 1 left on base; Atlanta 1 - Panama City 0
BOTTOM OF THE 1ST
Panama City Piranhas batting - Pitching for Atlanta Smoke : RHP Calvin Beck
Pitching: RHP Calvin Beck
Batting: LHB Herman Hayes 0-0: SINGLE (Line Drive, 7S)
Batting: RHB Cale Sutton 0-0: Foul Ball, location: 2F
0-1: Ball
1-1: Grounds into double play, 6-4-3 (Groundball, 6)
Batting: RHB Baldomero Avino 0-0: Ball
1-0: Called Strike
1-1: SOLO HOME RUN (Flyball, 8LXD), Distance : 427 ft
Batting: RHB Raúl Ortíz 0-0: Ball
1-0: Ball
2-0: SINGLE (Groundball, 4MD)
Batting: LHB Sergio Muñóz 0-0: Called Strike
0-1: Ball
1-1: Ball
2-1: Fly out, F4 (Popup, 4D)
Bottom of the 1st over - 1 run(s), 3 hit(s), 0 error(s), 1 left on base; Atlanta 1 - Panama City 1
TOP OF THE 2ND
Atlanta Smoke batting - Pitching for Panama City Piranhas : LHP Kirby Buckner
Batting: RHB Clarence Fox 0-0: Swinging Strike
0-1: Ball
1-1: SOLO HOME RUN (Flyball, 7D), Distance : 363 ft
Batting: LHB Bernardo Elías 0-0: Ball
1-0: Bunt for hit - play at first, batter safe!
Batting: RHB Gerardo Castillo 0-0: SINGLE (Groundball, 34D)
Bernardo Elías to second
Runner from 2nd tries for 3rd, SAFE, no throw
Batting: RHB Alfredo Méndez 0-0: Ball
1-0: Called Strike
1-1: Fielders Choice at 2nd, 5-4 (Groundball, 5)
Bernardo Elías scores
Batting: RHB Bartolo Morales 0-0: Called Strike
Alfredo Méndez steals 2nd base
0-1: Ball
1-1: Ball
2-1: Ground out 6-3 (Groundball, 6)
Alfredo Méndez to third
Batting: RHB Layton Templeman 0-0: Foul Ball, location: 2F
0-1: Fly out, F8 (Flyball, 8LD)
Top of the 2nd over - 2 run(s), 3 hit(s), 0 error(s), 1 left on base; Atlanta 3 - Panama City 1
BOTTOM OF THE 2ND
Panama City Piranhas batting - Pitching for Atlanta Smoke : RHP Calvin Beck
Batting: RHB Juan Jose Ayala 0-0: Called Strike
0-1: Ground out 1-3 (Groundball, P)
Batting: LHB Robert Adams 0-0: Swinging Strike
0-1: Ball
1-1: Called Strike
1-2: Ground out U3 (Groundball, 3)
Batting: RHB Fernando Silva 0-0: Ball
1-0: Called Strike
1-1: Foul Ball, location: 2F
1-2: Ground out 5-3 (Groundball, 5)
Bottom of the 2nd over - 0 run(s), 0 hit(s), 0 error(s), 0 left on base; Atlanta 3 - Panama City 1
TOP OF THE 3RD
Atlanta Smoke batting - Pitching for Panama City Piranhas : LHP Kirby Buckner
Batting: LHB Albert Morán 0-0: Ball
1-0: Fly out, F4 (Popup, 34D)
Batting: RHB Gabriel Maldonado 0-0: Fly out, F8 (Flyball, 8RS)
Batting: RHB Travis Newsome 0-0: Ball
1-0: Called Strike
1-1: Called Strike
1-2: Foul Ball, location: 2F
1-2: SINGLE (Groundball, 4MD)
Batting: RHB Clarence Fox 0-0: Ball
1-0: Ball
2-0: Ball
3-0: Called Strike
3-1: Called Strike
3-2: Strikes out swinging
Top of the 3rd over - 0 run(s), 1 hit(s), 0 error(s), 1 left on base; Atlanta 3 - Panama City 1
BOTTOM OF THE 3RD
Panama City Piranhas batting - Pitching for Atlanta Smoke : RHP Calvin Beck
Batting: SHB Tsing Guao 0-0: Ball
1-0: Called Strike
1-1: Foul Ball, location: 2F
1-2: Ball
2-2: Ground out 4-3 (Groundball, 4)
Batting: LHB Herman Hayes 0-0: Called Strike
0-1: Called Strike
0-2: Ball
1-2: Foul Ball, location: 2F
1-2: Ground out 4-3 (Groundball, 4)
Batting: RHB Cale Sutton 0-0: Ball
1-0: Ball
2-0: Called Strike
2-1: Swinging Strike
2-2: Ground out 4-3 (Groundball, 4)
Bottom of the 3rd over - 0 run(s), 0 hit(s), 0 error(s), 0 left on base; Atlanta 3 - Panama City 1
TOP OF THE 4TH
Atlanta Smoke batting - Pitching for Panama City Piranhas : LHP Kirby Buckner
Batting: LHB Bernardo Elías 0-0: Called Strike
0-1: Ball
1-1: Ball
2-1: Ground out 4-3 (Groundball, 34)
Batting: RHB Gerardo Castillo 0-0: Called Strike
0-1: Ground out 3-1 (Groundball, 34D)
Batting: RHB Alfredo Méndez 0-0: Ball
1-0: Foul Ball, location: 2F
1-1: DOUBLE (Flyball, 89XD)
Batting: RHB Bartolo Morales 0-0: Called Strike
0-1: Called Strike
Alfredo Méndez steals 3rd base
0-2: Ball
1-2: SINGLE (Flyball, 8LS)
Alfredo Méndez scores
Batting: RHB Layton Templeman 0-0: Called Strike
0-1: Foul Ball, location: 2F
0-2: SINGLE (Line Drive, 9LS)
Bartolo Morales to second
Batting: LHB Albert Morán 0-0: Called Strike
0-1: Ball
1-1: Ball
2-1: Called Strike
2-2: Ball
3-2: Base on Balls
Bartolo Morales to third
Layton Templeman to second
Batting: RHB Gabriel Maldonado 0-0: Ball
1-0: Ground out 5-3 (Groundball, 56)
Top of the 4th over - 1 run(s), 3 hit(s), 0 error(s), 3 left on base; Atlanta 4 - Panama City 1
BOTTOM OF THE 4TH
Panama City Piranhas batting - Pitching for Atlanta Smoke : RHP Calvin Beck
Batting: RHB Baldomero Avino 0-0: Ball
1-0: Ball
2-0: Ball
3-0: Called Strike
3-1: Base on Balls
Batting: RHB Raúl Ortíz 0-0: SINGLE (Groundball, 34D)
Baldomero Avino to second
Batting: LHB Sergio Muñóz 0-0: Foul Ball, location: 2F
0-1: SINGLE (Groundball, 56D)
Baldomero Avino to third
Raúl Ortíz to second
Batting: RHB Juan Jose Ayala 0-0: Ball
1-0: Ball
2-0: Ball
3-0: Base on Balls
Baldomero Avino scores
Raúl Ortíz to third
Sergio Muñóz to second
Batting: LHB Robert Adams 0-0: Ball
1-0: Ball
2-0: Fly out, F8 (Flyball, 78D)
Runner from 3rd tags up, SCORES, no throw
Batting: RHB Fernando Silva 0-0: Called Strike
0-1: Ball
1-1: Ball
2-1: Foul Ball, location: 2F
2-2: Strikes out swinging
Batting: SHB Tsing Guao 0-0: Called Strike
0-1: Ball
1-1: Ball
2-1: Fielders Choice at 2nd, 6-4 (Groundball, 6)
Bottom of the 4th over - 2 run(s), 2 hit(s), 0 error(s), 1 left on base; Atlanta 4 - Panama City 3
TOP OF THE 5TH
Atlanta Smoke batting - Pitching for Panama City Piranhas : LHP Kirby Buckner
Batting: RHB Travis Newsome 0-0: Foul Ball, location: 2F
0-1: Swinging Strike
0-2: Foul Ball, location: 2F
0-2: Foul Ball, location: 2F
0-2: Ball
1-2: Ball
2-2: SINGLE (Flyball, 8RS)
Batting: RHB Clarence Fox 0-0: Called Strike
0-1: Bunted foul
0-2: Foul Ball, location: 2F
0-2: Ball
1-2: Foul Ball, location: 2F
1-2: Foul Ball, location: 2F
1-2: Foul Ball, location: 2F
1-2: Ball
Travis Newsome steals 2nd base
2-2: SINGLE (Groundball, 56D)
Travis Newsome to third
Runner from 3rd tries for Home, SAFE, no throw
Batting: LHB Bernardo Elías 0-0: Sac Bunt - play at first, batter safe!
Clarence Fox to second
Batting: RHB Gerardo Castillo 0-0: Ball
1-0: Sac Bunt - play at first, batter OUT! 5-3
Clarence Fox to third
Bernardo Elías to second
Batting: RHB Alfredo Méndez 0-0: Ball
1-0: Ball
2-0: Ball
3-0: Base on Balls
Pitching: RHP Francisco Barrios
Batting: RHB Bartolo Morales 0-0: Called Strike
0-1: Foul Ball, location: 2F
0-2: Grounds into double play, 6-4-3 (Groundball, 6)
Top of the 5th over - 1 run(s), 3 hit(s), 0 error(s), 2 left on base; Atlanta 5 - Panama City 3
BOTTOM OF THE 5TH
Panama City Piranhas batting - Pitching for Atlanta Smoke : RHP Calvin Beck
Batting: LHB Herman Hayes 0-0: Ground out 6-3 (Groundball, 6)
Batting: RHB Cale Sutton 0-0: Swinging Strike
0-1: SOLO HOME RUN (Flyball, 7D), Distance : 381 ft
Batting: RHB Baldomero Avino 0-0: Ball
1-0: Called Strike
1-1: SINGLE (Flyball, 8LS)
Batting: RHB Raúl Ortíz 0-0: Called Strike
0-1: Ball
1-1: Swinging Strike
1-2: Fly out, F6 (Popup, 4M)
Batting: LHB Sergio Muñóz 0-0: Ball
1-0: Ground out U3 (Groundball, 34S)
Bottom of the 5th over - 1 run(s), 2 hit(s), 0 error(s), 1 left on base; Atlanta 5 - Panama City 4
TOP OF THE 6TH
Atlanta Smoke batting - Pitching for Panama City Piranhas : RHP Francisco Barrios
Batting: RHB Layton Templeman 0-0: Ball
1-0: Foul Ball, location: 2F
1-1: Ball
2-1: Swinging Strike
2-2: Foul Ball, location: 2F
2-2: Strikes out swinging
Batting: LHB Albert Morán 0-0: Foul Ball, location: 2F
0-1: Called Strike
0-2: Fly out, F5 (Popup, 56S)
Batting: RHB Gabriel Maldonado 0-0: Swinging Strike
0-1: Swinging Strike
0-2: Fly out, F9 (Flyball, 9LMF)
Top of the 6th over - 0 run(s), 0 hit(s), 0 error(s), 0 left on base; Atlanta 5 - Panama City 4
BOTTOM OF THE 6TH
Panama City Piranhas batting - Pitching for Atlanta Smoke : RHP Calvin Beck
Batting: RHB Juan Jose Ayala 0-0: DOUBLE (Line Drive, 7LS)
Batting: LHB Robert Adams 0-0: Swinging Strike
0-1: Called Strike
0-2: Ball
1-2: Ground out 4-3 (Groundball, 4)
Juan Jose Ayala to third
Batting: RHB Fernando Silva 0-0: Fly out, F7 (Flyball, 7LM)
Runner from 3rd tags up, SCORES, no throw
Batting: SHB Tsing Guao 0-0: Ball
1-0: Ball
2-0: Ball
3-0: Base on Balls
Pitching: RHP Bruce Hamilton
Batting: LHB Herman Hayes 0-0: Ball
1-0: Ball
2-0: Swinging Strike
2-1: Swinging Strike
2-2: Strikes out swinging
Bottom of the 6th over - 1 run(s), 1 hit(s), 0 error(s), 1 left on base; Atlanta 5 - Panama City 5
TOP OF THE 7TH
Atlanta Smoke batting - Pitching for Panama City Piranhas : RHP Francisco Barrios
Batting: RHB Travis Newsome 0-0: SINGLE (Groundball, 6MD)
Batting: RHB Clarence Fox 0-0: Bunted foul
0-1: Bunted foul
0-2: Ball
1-2: SINGLE (Groundball, 34D)
Travis Newsome to second
Runner from 2nd tries for 3rd, SAFE, no throw
Batting: LHB Bernardo Elías 0-0: Ball
1-0: Ground out 6-3 (Groundball, 6)
Clarence Fox to second
Batting: RHB Gerardo Castillo 0-0: Ball
1-0: Called Strike
1-1: Called Strike
1-2: Ball
2-2: Strikes out swinging
Batting: RHB Alfredo Méndez 0-0: Called Strike
0-1: Called Strike
0-2: Ball
1-2: Ball
2-2: Ball
3-2: Foul Ball, location: 2F
3-2: Ground out 6-3 (Groundball, 6)
Top of the 7th over - 0 run(s), 2 hit(s), 0 error(s), 2 left on base; Atlanta 5 - Panama City 5
BOTTOM OF THE 7TH
Panama City Piranhas batting - Pitching for Atlanta Smoke : RHP Bruce Hamilton
Batting: RHB Cale Sutton 0-0: Ground out U3 (Groundball, 3)
Batting: RHB Baldomero Avino 0-0: Called Strike
0-1: Ball
1-1: Foul Ball, location: 2F
1-2: Foul Ball, location: 2F
1-2: SINGLE (Groundball, 6MD)
Batting: RHB Raúl Ortíz 0-0: Foul Ball, location: 2F
0-1: Ball
1-1: Foul Ball, location: 2F
1-2: Ball
2-2: Foul Ball, location: 2F
2-2: Foul Ball, location: 2F
2-2: SINGLE (Line Drive, 6MD)
Baldomero Avino to second
Batting: LHB Sergio Muñóz 0-0: Called Strike
0-1: Foul Ball, location: 2F
0-2: SINGLE (Flyball, 6MD)
Baldomero Avino to third
Raúl Ortíz to second
Batting: RHB Juan Jose Ayala 0-0: Ball
1-0: Ball
2-0: Called Strike
2-1: Ball
3-1: DOUBLE (Groundball, 5L)
Baldomero Avino scores
Raúl Ortíz scores
Sergio Muñóz to third
Batting: LHB Robert Adams 0-0: Intentional Walk
Batting: RHB Fernando Silva 0-0: Foul Ball, location: 2F
0-1: Ball
1-1: Ball
2-1: Swinging Strike
2-2: Ball
3-2: Foul Ball, location: 2F
3-2: Strikes out swinging
Pitching: LHP Manuel Rodríguez
Batting: SHB Tsing Guao 0-0: Foul Ball, location: 2F
0-1: Swinging Strike
0-2: Ball
1-2: Foul Ball, location: 2F
1-2: Ball
2-2: Strikes out swinging
Bottom of the 7th over - 2 run(s), 4 hit(s), 0 error(s), 3 left on base; Atlanta 5 - Panama City 7
TOP OF THE 8TH
Atlanta Smoke batting - Pitching for Panama City Piranhas : RHP Francisco Barrios
Batting: RHB Bartolo Morales 0-0: SINGLE (Line Drive, 6D)
Pitching: RHP Anderson O'Mara
Batting: RHB Layton Templeman 0-0: Called Strike
0-1: Ground out 4-3 (Groundball, 34)
Bartolo Morales to second
Batting: LHB Albert Morán 0-0: Called Strike
0-1: Ground out 4-3 (Groundball, 4)
Bartolo Morales to third
Batting: RHB Gabriel Maldonado 0-0: Ball
1-0: 2-RUN HOME RUN (Flyball, 7D), Distance : 380 ft
Batting: RHB Travis Newsome 0-0: Swinging Strike
0-1: Ball
1-1: Foul Ball, location: 2F
1-2: Ball
2-2: Ball
3-2: DOUBLE (Line Drive, 7LD)
Pinch Hitting: LHB Willis Baker 0-0: Foul Ball, location: 2F
0-1: Ball
1-1: Called Strike
1-2: Ball
2-2: Ball
3-2: Ground out U3 (Groundball, 34)
Top of the 8th over - 2 run(s), 3 hit(s), 0 error(s), 1 left on base; Atlanta 7 - Panama City 7
BOTTOM OF THE 8TH
Panama City Piranhas batting - Pitching for Atlanta Smoke : LHP Manuel Rodríguez
Now in CF: Arturo Maldonado
Batting: LHB Herman Hayes 0-0: Ball
1-0: Ball
2-0: Foul Ball, location: 2F
2-1: Foul Ball, location: 2F
2-2: Ball
3-2: SINGLE (Groundball, 4MD)
Batting: RHB Cale Sutton 0-0: Called Strike
0-1: Foul Ball, location: 2F
0-2: Foul Ball, location: 2F
0-2: SINGLE (Groundball, 4MD)
Herman Hayes to second
Runner from 2nd tries for 3rd, SAFE, throw made to third
Batting: RHB Baldomero Avino 0-0: Ball
1-0: Swinging Strike
1-1: Ball
2-1: Ball
3-1: SINGLE (Groundball, 56D)
Herman Hayes scores
Cale Sutton to second
Batting: RHB Raúl Ortíz 0-0: Ball
1-0: SINGLE (Line Drive, 9S)
Cale Sutton to third
Baldomero Avino to second
Runner from 3rd tries for Home, SAFE, throw made home
Baldomero Avino to third
Raúl Ortíz to second
Pitching: RHP Fred Pitts
Batting: LHB Sergio Muñóz 0-0: Ball
1-0: Foul Ball, location: 2F
1-1: Fly out, F7 (Flyball, 78M)
Runner from 3rd tags up, SCORES, throw made
Batting: RHB Juan Jose Ayala 0-0: Ball
1-0: Ground out 6-3 (Groundball, 6)
Batting: LHB Robert Adams 0-0: Ball
1-0: Ground out U3 (Groundball, 34S)
Bottom of the 8th over - 3 run(s), 4 hit(s), 0 error(s), 1 left on base; Atlanta 7 - Panama City 10
TOP OF THE 9TH
Atlanta Smoke batting - Pitching for Panama City Piranhas : RHP Anderson O'Mara
Pitching: RHP Edgardo Marín
Batting: LHB Bernardo Elías 0-0: Ball
1-0: Ball
2-0: Fly out, F9 (Flyball, 9LM)
Batting: RHB Gerardo Castillo 0-0: Ball
1-0: Ball
2-0: SOLO HOME RUN (Flyball, 9D), Distance : 398 ft
Batting: RHB Alfredo Méndez 0-0: Ball
1-0: Foul Ball, location: 2F
1-1: Foul Ball, location: 2F
1-2: Ball
2-2: Ground out 5-3 (Groundball, 56)
Batting: RHB Bartolo Morales 0-0: Ball
1-0: Foul Ball, location: 2F
1-1: Fly out, F4 (Line Drive, 4)
Top of the 9th over - 1 run(s), 1 hit(s), 0 error(s), 0 left on base; Atlanta 8 - Panama City 10
Saturday, May 26th, 2018 - OOTP Baseball 17.12 Build 75